 Dungeon Crawl Stone Soup version 0.19.1-1-g22dce08 (webtiles) character file.

63 cheeroque the Ruffian (level 3, 0/37 HPs)
             Began as a Troll Chaos Knight on Jan 16, 2017.
             Slain by a bat (1 damage)
             ... on level 2 of the Dungeon.
             The game lasted 00:02:00 (1167 turns).

cheeroque the Ruffian (Troll Chaos Knight)          Turns: 1167, Time: 00:02:00

Health: 0/37       AC:  7    Str: 20    XL:     3   Next: 89%
Magic:  2/2        EV: 10    Int:  8    God:    Xom [..*...]
Gold:   60         SH:  0    Dex: 10    Spells: 0 memorised, 2 levels left

rFire  . . .     SeeInvis .       - Unarmed
rCold  . . .     Gourm    +     a - +2 robe
rNeg   . . .     Faith    .     (no shield)
rPois  .         Spirit   .     (helmet restricted)
rElec  .         Reflect  .     (no cloak)
rCorr  .         Harm     .     (gloves unavailable)
MR     .....                    (boots unavailable)
Stlth  +.........               (no amulet)
                                (no ring)
                                (no ring)

@: lethally poisoned (0 -> -3)
A: unfitting armour, claws 3, fast metabolism 3, gourmand, regeneration 1,
shaggy fur 1, tough skin 2
a: Renounce Religion


You were on level 2 of the Dungeon.
You worshipped Xom.
You were a toy of Xom.
You were not hungry.

You visited 1 branch of the dungeon, and saw 2 of its levels.

You collected 60 gold pieces.

Inventory:

Armour
 a - a +2 robe (worn)
Scrolls
 d - a scroll of remove curse
 e - 3 scrolls of identify {unknown}
 f - a scroll of enchant weapon {unknown}
Comestibles
 b - 3 bread rations
 g - a beef jerky


   Skills:
 + Level 3.0 Fighting
 + Level 2.1 Dodging
 + Level 4.1 Unarmed Combat


You had 2 spell levels left.
You didn't know any spells.

Dungeon Overview and Level Annotations

Branches:
Dungeon (2/15)

Altars:


Innate Abilities, Weirdness & Mutations

You are too large for most types of armour.
You have claws for hands.
Your metabolism is lightning-fast.
You like to eat raw meat.
Your natural rate of healing is unusually fast.
You are covered in fur. (AC +1)
You have very tough skin. (AC +2)


Message History

* * * LOW HITPOINT WARNING * * *
You feel sick. The bat hits you but does no damage.
You miss the bat.
* * * LOW HITPOINT WARNING * * *
You feel sick. The bat closely misses you. The bat hits you but does no damage.
* * * LOW HITPOINT WARNING * * *
You feel sick. The bat hits you but does no damage.
Things that are here:
a dagger of venom; the goblin corpse of Ijyb
* * * LOW HITPOINT WARNING * * *
You feel sick. The bat hits you but does no damage. The bat barely misses you.
Found 10 gold pieces.
* * * LOW HITPOINT WARNING * * *
You feel sick. The bat hits you but does no damage.
* * * LOW HITPOINT WARNING * * *
You feel sick. The bat hits you but does no damage.
* * * LOW HITPOINT WARNING * * *
You feel sick. The bat hits you.
You die... "This toy is broken."

#.####...# ##
#.# .# ##.#####
..# $# #.....#
#.##.###
#####.#
#......# #.#
#......# #.# #
#......#
####.###
#.#####.b....#
#..)....
#....).@.....#
#.##.##.
####.#########
#.#...#.
#.....#
#..#.#..
#.#.#.###
#.#...#.
#.#.....#
######.##.##. #
###.#.#
#............
...#.#
#.####.##.###
#####.#
#.#.......#
#.###.#.##.####


You could see a bat.

Vanquished Creatures
  Ijyb (D:2)
  An adder (D:2)
  An ooze (D:2)
  2 leopard geckos
  2 giant cockroaches
  5 goblins
  2 hobgoblins
  5 bats
  A frilled lizard (D:1)
  2 kobolds
  A rat (D:2)
23 creatures vanquished.

Notes
Turn   | Place    | Note
-------+----------+-------------------------------------------
     0 | D:1      | cheeroque the Troll Chaos Knight began the quest for the Orb.
     0 | D:1      | Reached XP level 1. HP: 22/22 MP: 0/0
    72 | D:1      | XOM: harmless Fire miscast
   151 | D:1      | XOM: divination: detect items
   256 | D:1      | XOM: mild Necr miscast
   257 | D:1      | Reached XP level 2. HP: 29/29 MP: 1/1
   518 | D:1      | XOM: harmless Ice miscast
   745 | D:2      | XOM: harmless Erth miscast
   799 | D:2      | XOM: harmless Pois miscast
   808 | D:2      | Reached XP level 3. HP: 27/36 MP: 2/2
   859 | D:2      | XOM: divination: detect items
  1146 | D:2      | Noticed Ijyb
  1160 | D:2      | Killed Ijyb
  1160 | D:2      | Reached skill level 4 in Unarmed Combat
  1167 | D:2      | HP: 1/37 [poisoned by Ijyb]
  1167 | D:2      | Slain by a bat

Skill      XL: |  1  2  3 |
---------------+----------+-----
Dodging        | 2 |  2.1
Fighting       | 3 |  3.0
Unarmed Combat | 4 |  4.1

Action                   || total
-------------------------++-------
Melee: Unarmed           ||    71
  Use: Scroll            ||     2
       Potion            ||     2
  Eat: Chunk             ||    10
Armor: Robe              ||    49
Dodge: Dodged            ||    48
